 Dungeon Crawl Stone Soup version 0.29.1-13-g9f3cf754e1 (console) character file.

Game seed: 7525389939049935681

161 om the Magician (level 5, -6/37 HPs)
             Began as a Djinni Fire Elementalist on Feb 7, 2023.
             Was an Initiate of Gozag.
             Mangled by Crazy Yiuf
             ... wielding a +3 quarterstaff of chaos
              (7 damage)
             ... on level 3 of the Dungeon.
             The game lasted 00:08:38 (3571 turns).

om the Magician (Djinni Fire Elementalist)          Turns: 3571, Time: 00:08:39

Health: -6/37      AC:  6    Str:  9    XL:     5   Next: 70%
Gold:   214        EV: 12    Int: 23    God:    Gozag SH:  0 Dex: 13

rFire   + + +      SeeInvis .   c - +0 dagger
rCold   . . .      Faith    .   (no shield)
rNeg    . . .      Spirit   .   a - +0 robe
rPois   ∞          Reflect  .   (no helmet)
rElec   .          Harm     .   f - scarf {rC+ rF+}
rCorr   .          Rampage  .   (no gloves)
Will    .....                   (boots unavailable)
Stlth   ++........              (no amulet)
HPRegen 0.12/turn               e - +6 ring of intelligence
MPRegen 0.00/turn               m - +4 ring of protection

@: mighty, flying, very slightly contaminated
A: sickness immunity, fire resistance 2, cold vulnerability 1, float, innate
caster, HP casting, extra vitality 1
a: Renounce Religion, Potion Petition, Call Merchant, Bribe Branch


You were on level 3 of the Dungeon.
You worshipped Gozag.
Gozag was aware of your devotion.
You visited 1 branch of the dungeon, and saw 3 of its levels.

You collected 260 gold pieces.
You paid 46 gold pieces to Gozag.

Inventory:

Hand Weapons
 c - a +0 dagger (weapon)
Armour
 a - a +0 robe (worn)
 f - a scarf of resistance (worn)
Jewellery
 e - a +6 ring of intelligence (left hand)
 j - an amulet of faith
 m - a +4 ring of protection (right hand)
Scrolls
 d - 3 scrolls of teleportation {unknown}
 l - a scroll of noise {unknown}
 n - a scroll of magic mapping {unknown}
 o - a scroll of immolation {unknown}
 q - a scroll of amnesia {unknown}
 r - 2 scrolls of identify {unknown}
Potions
 b - 2 potions of degeneration {unknown}
 g - a potion of mutation {unknown}
 h - 2 potions of flight {unknown}
 i - a potion of might {unknown}
 k - a potion of heal wounds {unknown}
 p - 2 potions of attraction {unknown}


   Skills:
 - Level 1.0 Fighting
 + Level 2.5 Dodging
 - Level 2.0 Stealth
 * Level 4.2 Spellcasting


You couldn't memorise any spells.
You knew the following spells:

 Your Spells              Type           Power      Damage    Failure   Level
a - Foxfire               Conj/Fire      96%        2x1d8     1%          1
b - Scorch                Fire           48%        2d7       2%          2
c - Conjure Flame         Conj/Fire      24%        6-21      5%          3
d - Inner Flame           Hex/Fire       24%        N/A       5%          3
e - Flame Wave            Conj/Fire      24%        2d8       17%         4
f - Beastly Appendage     Tmut           48%        N/A       1%          1
g - Blink                 Tloc           48%        N/A       2%          2
Your spell library was empty.

Dungeon Overview and Level Annotations

Branches:
Dungeon (3/15)

Altars:
Gozag
Zin

Shops:
D:2 =

Annotations:
D:3 Crazy Yiuf


Innate Abilities, Weirdness & Mutations

You are immune to sickness and miasma.
You are immune to poison.
Your flesh is very heat resistant. (rF++)
You are vulnerable to cold. (rC-)
You float through the air rather than walking.
You learn spells naturally, not from books.
Your magical power is your life essence.
You have superior vitality. (+4 MHP)


Message History

Casting: Foxfire (safe; 1% risk of failure)
Confirm with . or Enter, or press ? or * to list all spells.
Okay, then.
You reach down and open the door.
Casting: Foxfire (safe; 1% risk of failure)
Confirm with . or Enter, or press ? or * to list all spells.
You blink.
Crazy Yiuf hits you with a +3 quarterstaff of chaos!
Casting: Blink (safe; 2% risk of failure)
Confirm with . or Enter, or press ? or * to list all spells.
You are still too unstable to blink.
Casting: Blink (safe; 2% risk of failure)
Confirm with . or Enter, or press ? or * to list all spells.
Flames lash Crazy Yiuf but do no damage.
Crazy Yiuf hits you with a +3 quarterstaff of chaos!
You feel very mighty all of a sudden.
Casting: Scorch (safe; 2% risk of failure)
Confirm with . or Enter, or press ? or * to list all spells.
Flames lash Crazy Yiuf.
Crazy Yiuf is lightly wounded.
Crazy Yiuf's fire resistance burns away.
* * * LOW HITPOINT WARNING * * *
Crazy Yiuf misses you.
Casting: Scorch (safe; 2% risk of failure)
Confirm with . or Enter, or press ? or * to list all spells.
You miscast Scorch.
You are very lightly contaminated with residual magic.
Nothing appears to happen.
* * * LOW HITPOINT WARNING * * *
You feel stable enough to blink again.
Crazy Yiuf hits you with a +3 quarterstaff of chaos.
* * * LOW HITPOINT WARNING * * *
Casting: Scorch (safe; 2% risk of failure)
Confirm with . or Enter, or press ? or * to list all spells.
Flames lash Crazy Yiuf.
Crazy Yiuf is burned terribly!
Crazy Yiuf is heavily wounded.
* * * LOW HITPOINT WARNING * * *
Crazy Yiuf hits you with a +3 quarterstaff of chaos!
You die...
Your body crumbles into a pile of gold.

#.# #..........#
#.#.. #.#
#.##.#####.#
#.#.. #.# ######
### #.... ##.#
###.. #..##♣♣♣♣♣
##.
#.#.+♣.♣.♣♣♣#####
###########.
#..).)).♣..♣#...#
#...........
#......♣♣♣♣.g...#
############
##..+.♣♣ ♣♣#@.)#
####♣♣ #####


You could see Crazy Yiuf (combustible).

Vanquished Creatures
  Jessica (D:3)
  Terence (D:3)
  A gnoll (D:1)
  3 adders
  A dart slug (D:1)
  4 orcs (D:3)
  6 endoplasms
  3 giant cockroaches
  8 goblins
  12 hobgoblins
  2 jackals (D:1)
  5 kobolds
  2 ball pythons
  4 bats
  5 frilled lizards
  5 rats
63 creatures vanquished.

Vanquished Creatures (collateral kills)
  A foxfire (D:2)
1 creature vanquished.

Vanquished Creatures (others)
  202 foxfires
202 creatures vanquished.

Grand Total: 266 creatures vanquished

Notes
Turn   | Place    | Note
-------+----------+-------------------------------------------
     0 | D:1      | om the Djinni Fire Elementalist began the quest for the
                  | Orb.
     0 | D:1      | om set off with the following spells memorised: Foxfire,
                  | Scorch, Conjure Flame, Inner Flame, Flame Wave.
     0 | D:1      | Reached XP level 1. HP: 15/15 MP: 0/0
    18 | D:1      | Reached XP level 2. HP: 11/22 MP: 0/0
   488 | D:1      | Found a faded altar of an unknown god.
   506 | D:1      | Reached XP level 3. HP: 24/26 MP: 0/0
   506 | D:1      | Learned a level 1 spell: Beastly Appendage
   514 | D:1      | Reached skill level 3 in Spellcasting
  1527 | D:2      | Reached XP level 4. HP: 21/31 MP: 0/0
  1732 | D:2      | Found a glowing silver altar of Zin.
  1847 | D:2      | Found Asov's Jewellery Boutique.
  2020 | D:2      | Reached skill level 1 in Fighting
  2297 | D:3      | Found an opulent altar of Gozag.
  2455 | D:3      | Became a worshipper of Gozag Ym Sagoz the Greedy
  2723 | D:3      | Reached XP level 5. HP: 34/37 MP: 0/0
  2723 | D:3      | Learned a level 2 spell: Blink
  2758 | D:3      | Noticed Terence
  2770 | D:3      | Killed Terence
  2771 | D:3      | Reached skill level 4 in Spellcasting
  2964 | D:3      | Noticed Jessica
  2968 | D:3      | Killed Jessica
  3562 | D:3      | Found a runed translucent door.
  3563 | D:3      | Noticed Crazy Yiuf
  3571 | D:3      | Mangled by Crazy Yiuf

Illustrated notes

Levels and vault maps discovered:
D:1:      minmay_arrival_checkered_box, layout_rooms, basic_ecumenical_altar,
          chequers_serial_rivers_micro_d
D:2:      layout_basic, basic_altar, serial_shops, shop,
          dreamdust_princess_corridor, minmay_fractal_squares_gapless_5
D:3:      layout_loops_ring, mainiacjoe_overflow_24_doors, uniq_terence,
          uniq_jessica, uniq_crazy_yiuf_cottage

Skill      XL: |  1  2  3  4  5 |
---------------+----------------+-----
Spellcasting   | 3 4 |  4.2
Fighting       | 1 |  1.0
Stealth        | 2 |  2.0
Dodging        | |  2.5

Action                   |  1- 3 |  4- 6 || total
-------------------------+-------+-------++-------
Melee: Unarmed           |     2 |       ||     2
       Dagger            |    12 |     5 ||    17
 Cast: Foxfire           |    59 |    65 ||   124
       Scorch            |       |     3 ||     3
       Blink             |       |     1 ||     1
Armor: Robe              |     5 |     4 ||     9
Dodge: Dodged            |    25 |    14 ||    39
